 Dungeon Crawl Stone Soup version 0.21-a0-538-gd16b88a (webtiles) character file.

9947 mortelune the Destroyer (level 11, 0/94 HPs)
             Began as a Green Draconian Fire Elementalist on Dec 16, 2017.
             Was a Priest of Vehumet.
             Slain by an earth elemental (26 damage)
             ... on level 11 of the Dungeon.
             The game lasted 00:49:05 (16861 turns).

mortelune the Destroyer (DrFE)                     Turns: 16861, Time: 00:49:06

Health: 0/94       AC:  9    Str: 11    XL:     11   Next: 29%
Magic:  22/22      EV: 12    Int: 18    God:    Vehumet [***...]
Gold:   720        SH:  0    Dex: 12    Spells: 8/25 levels left

rFire    . . .     SeeInvis .   N - +3 flail (venom)
rCold    . . .     Gourm    .   (no shield)
rNeg     . . .     Faith    .   (armour unavailable)
rPois    +         Spirit   .   (helmet restricted)
rElec    .         Reflect  .   (no cloak)
rCorr    +         Harm     .   (no gloves)
MR       .....                  (no boots)
Stlth    ++........             (no amulet)
HPRegen  0.25/turn              E - +2 ring of protection
MPRegen  0.18/turn              q - ring of resist corrosion

@: no status effects
A: breathe noxious fumes, unfitting armour, poison resistance, cold-blooded, AC
+7
a: Breathe Noxious Fumes, Renounce Religion


You were on level 11 of the Dungeon.
You worshipped Vehumet.
Vehumet was most pleased with you.
You were hungry.

You visited 2 branches of the dungeon, and saw 12 of its levels.

You collected 720 gold pieces.

Inventory:

Hand Weapons
 i - a +1 dagger
 u - a -2 hand axe
 v - a +0 war axe
 H - a +0 mace
 N - a +3 flail of venom (weapon)
Missiles
 e - 273 stones (quivered)
Magical Staves
 z - an uncursed staff of poison
 P - an uncursed staff of summoning {unknown}
Jewellery
 f - an uncursed amulet of the gourmand {unknown}
 m - an uncursed ring of positive energy
 q - a ring of resist corrosion (right hand)
 B - a cursed amulet of inaccuracy {unknown}
 E - a +2 ring of protection (left hand)
 Q - an uncursed ring of flight
 T - a +3 ring of intelligence {unknown}
Wands
 F - a wand of polymorph (10)
 G - a wand of digging (13)
 W - a wand of iceblast (12)
Scrolls
 c - 3 scrolls of noise
 g - 2 scrolls of enchant weapon
 n - 2 scrolls of enchant armour {unknown}
 p - 4 scrolls of magic mapping {unknown}
 r - a scroll of identify
 s - 3 scrolls of blinking {unknown}
 t - 2 scrolls of random uselessness {unknown}
 x - 4 scrolls of remove curse
 C - 2 scrolls of teleportation
 D - a scroll of amnesia {unknown}
 I - a scroll of vulnerability {unknown}
 M - a scroll of torment {unknown}
 U - a scroll of summoning {unknown}
 Z - a scroll of immolation {unknown}
Potions
 h - a potion of heal wounds {unknown}
 j - 8 potions of brilliance
 k - 5 potions of degeneration
 o - a potion of invisibility
 w - a potion of magic
 A - a potion of mutation
 J - 2 potions of agility
 K - 3 potions of flight
 S - a potion of might {unknown}
 V - a potion of resistance {unknown}
 X - a potion of cancellation {unknown}
Books
 a - a book of Flames

   Spells                             Type                      Level
   a - Flame Tongue                   Conjuration/Fire             1
   b - Throw Flame                    Conjuration/Fire             2
   c - Conjure Flame                  Conjuration/Fire             3
   d - Inner Flame                    Hexes/Fire                   3
   e - Sticky Flame                   Conjuration/Fire             4
   f - Fireball                       Conjuration/Fire             5
 y - a book of Misfortune

   Spells                             Type                      Level
   a - Confusing Touch                Hexes                        1
   b - Confuse                        Hexes                        3
   c - Gell's Gravitas                Translocation                3
   d - Petrify                        Transmutation/Earth          4
   e - Metabolic Englaciation         Hexes/Ice                    5
   f - Yara's Violent Unravelling     Hexes/Transmutation          5
 L - a book of Air

   Spells                             Type                      Level
   a - Shock                          Conjuration/Air              1
   b - Swiftness                      Charms/Air                   2
   c - Static Discharge               Conjuration/Air              3
   d - Airstrike                      Air                          4
   e - Lightning Bolt                 Conjuration/Air              5
 O - a book of the Sky

   Spells                             Type                      Level
   a - Summon Lightning Spire         Summoning/Air                4
   b - Silence                        Hexes/Air                    5
   c - Deflect Missiles               Charms/Air                   6
   d - Conjure Ball Lightning         Conjuration/Air              6
   e - Tornado                        Air                          9
 R - a book of Changes

   Spells                             Type                      Level
   a - Beastly Appendage              Transmutation                1
   b - Sticks to Snakes               Transmutation                2
   c - Spider Form                    Transmutation/Poison         3
   d - Ice Form                       Ice/Transmutation            4
   e - Blade Hands                    Transmutation                5
Comestibles
 b - 6 bread rations
 d - 2 fruits
 l - 10 royal jellies


   Skills:
 + Level 7.8 Fighting
 - Level 1.7 Dodging
 - Level 1.7 Stealth
 - Level 7.7 Spellcasting
 * Level 10.6 Conjurations
 * Level 9.9 Fire Magic


You had 8 spell levels left.
You knew the following spells:

 Your Spells              Type           Power        Failure   Level  Hunger
a - Flame Tongue          Conj/Fire      #####        1%          1    None
b - Throw Flame           Conj/Fire      #####.       1%          2    None
c - Conjure Flame         Conj/Fire      #####...     1%          3    #......
d - Sticky Flame          Conj/Fire      #####...     1%          4    ###....
e - Fireball              Conj/Fire      #####.....   1%          5    #####..
f - Searing Ray           Conj           #####.       1%          2    None


Dungeon Overview and Level Annotations

Branches:
Dungeon (11/15)            Temple (1/1) D:4            Lair (0/6) D:9
    Orc (0/2) D:10

Altars:
Ashenzari
Cheibriados
Dithmenos
Elyvilon
Fedhas
Gozag
Hepliaklqana
Kikubaaqudgha
Makhleb
Nemelex Xobeh
Okawaru
Qazlal
Ru
Sif Muna
Trog
Uskayaw
Vehumet
Wu Jian
Xom
Yredelemnul
Zin
The Shining One

Shops:
D:10 *

Annotations:
D:9 exclusion: oklob plant


Innate Abilities, Weirdness & Mutations

You can breathe blasts of noxious fumes.
Your lurid green scales are hard. (AC +7)
You cannot fit into any form of body armour.
Your system is resistant to poisons. (rPois)
You are cold-blooded and may be slowed by cold attacks.


Message History

The earth elemental is moderately damaged.
The earth elemental closely misses you.
You hit the earth elemental.
The earth elemental is heavily damaged.
The earth elemental hits you but does no damage.
You hit the earth elemental but do no damage.
You tail-slap the earth elemental, but do no damage.
The earth elemental is heavily damaged.
The earth elemental barely misses you. The earth elemental hits you!
The earth elemental hits you but does no damage.
You barely miss the earth elemental.
You tail-slap the earth elemental, but do no damage.
The earth elemental is heavily damaged.
The earth elemental hits you! The earth elemental misses you.
You completely miss the earth elemental.
The earth elemental is heavily damaged.
The earth elemental hits you!! The earth elemental hits you! x2
* * * LOW HITPOINT WARNING * * *
The earth elemental hits you!!
You die...

#########
>...)EE@#
.....)EE#
....).%.#
...!!...#
...?!...#
........#
........#
>......<#


You could see 4 earth elementals.

Vanquished Creatures
  4 two-headed ogres
  A death yak (D:8)
  A centaur skeleton (D:11)
  A troll (D:9)
  Grinder (D:5)
  A hippogriff (D:11)
  Sigmund (D:2)
  A wraith (D:11)
  7 yaks
  3 wyverns
  A steam dragon (D:10)
  Menkaure (D:5)
  Edmund (D:5)
  Duvessa (D:7)
  A black bear (D:8)
  2 orc warriors
  A sky beast (D:10)
  An ice beast (D:8)
  A phantom (D:6)
  3 ogres
  A centaur (D:5)
  A crocodile (D:9)
  A big kobold (D:8)
  7 bullfrogs
  Dowan (D:7)
  2 scorpions
  9 killer bees
  3 howler monkeys (D:10)
  9 jellies
  4 crimson imps
  5 hounds
  6 orc priests
  A bullfrog skeleton (D:8)
  A gnoll shaman (D:4)
  An iguana (D:10)
  7 orc wizards
  6 worker ants
  A killer bee zombie (D:6)
  2 hound zombies
  7 adders
  8 gnolls (D:4)
  2 shadow imps
  22 oozes
  An adder skeleton (D:7)
  A dart slug (D:1)
  4 leopard geckos
  34 orcs
  6 giant cockroaches
  3 goblins
  5 hobgoblins
  5 jackals
  6 quokkas
  5 bats
  5 frilled lizards
  A jackal skeleton (D:5)
  9 kobolds
  5 rats
  2 plants (D:4)
233 creatures vanquished.

Vanquished Creatures (others)
  5 fungi (D:9)
5 creatures vanquished.

Grand Total: 238 creatures vanquished

Notes
Turn   | Place    | Note
-------+----------+-------------------------------------------
     0 | D:1      | mortelune the Draconian Fire Elementalist began the quest for the Orb.
     0 | D:1      | Reached XP level 1. HP: 14/14 MP: 3/3
   460 | D:1      | Reached XP level 2. HP: 20/20 MP: 3/5
   464 | D:1      | Learned a level 2 spell: Throw Flame
   551 | D:1      | Found a shattered altar of Ashenzari.
  1296 | D:1      | Reached skill level 2 in Conjurations
  1527 | D:2      | Reached XP level 3. HP: 24/26 MP: 1/6
  1725 | D:2      | Noticed Sigmund
  2349 | D:3      | Reached XP level 4. HP: 25/33 MP: 1/7
  2444 | D:3      | Learned a level 3 spell: Conjure Flame
  2591 | D:3      | Reached skill level 3 in Conjurations
  3424 | D:4      | Found a white marble altar of Elyvilon.
  3525 | D:4      | Found a staircase to the Ecumenical Temple.
  3570 | Temple   | Entered the Ecumenical Temple
  3682 | Temple   | Became a worshipper of Vehumet
  3788 | D:4      | Reached XP level 5. HP: 38/38 MP: 0/9
  4024 | D:4      | Learned a level 4 spell: Sticky Flame
  4133 | D:4      | Reached skill level 4 in Conjurations
  4984 | D:5      | Entered Level 5 of the Dungeon
  5016 | D:5      | Noticed Edmund
  5074 | D:5      | Noticed Menkaure
  5077 | D:5      | Noticed a centaur
  5079 | D:5      | Killed Menkaure
  5079 | D:5      | Reached XP level 6. HP: 45/45 MP: 6/11
  5090 | D:5      | Reached skill level 5 in Conjurations
  5592 | D:5      | Your scales start taking on a lurid green colour.
  5592 | D:5      | Reached XP level 7. HP: 50/50 MP: 4/12
  5592 | D:5      | Gained mutation: Your system is resistant to poisons. (rPois) [Green Draconian growth]
  6135 | D:6      | Reached skill level 5 in Fire Magic
  6137 | D:6      | Noticed Grinder
  6359 | D:5      | Killed Grinder
  6359 | D:5      | Reached * piety under Vehumet
  6359 | D:5      | Offered knowledge of Shock by Vehumet.
  6359 | D:5      | Reached skill level 6 in Conjurations
  6784 | D:6      | Reached XP level 8. HP: 57/57 MP: 4/14
  6979 | D:6      | Found an iron altar of Okawaru.
  7261 | D:6      | Reached skill level 7 in Conjurations
  7641 | D:6      | Found an iron altar of Okawaru.
  8102 | D:7      | Reached skill level 1 in Fighting
  8102 | D:7      | Reached skill level 5 in Spellcasting
  8324 | D:7      | Learned a level 5 spell: Fireball
  8509 | D:7      | Noticed Duvessa
  8513 | D:7      | Noticed Dowan
  8521 | D:7      | Killed Duvessa
  8654 | D:7      | Killed Dowan
  9188 | D:8      | Reached XP level 9. HP: 64/69 MP: 4/17
  9770 | D:8      | Offered knowledge of Searing Ray by Vehumet.
  9774 | D:8      | Learned a level 2 spell: Searing Ray
  9931 | D:8      | Reached ** piety under Vehumet
  9943 | D:8      | Reached skill level 8 in Conjurations
 10979 | D:2      | Killed Sigmund
 11187 | D:5      | Killed Edmund
 11489 | D:9      | Noticed an oklob plant
 12025 | D:9      | Noticed a two-headed ogre
 12031 | D:9      | Noticed a death yak
 12058 | D:9      | Killed a two-headed ogre
 12058 | D:9      | Reached skill level 5 in Fighting
 12181 | D:8      | Killed a death yak
 12181 | D:8      | Offered knowledge of Ignite Poison by Vehumet.
 12181 | D:8      | Reached XP level 10. HP: 83/83 MP: 0/20
 12359 | D:9      | Reached skill level 9 in Conjurations
 12780 | D:9      | Reached *** piety under Vehumet
 13001 | D:9      | Noticed a death yak
 13002 | D:9      | Noticed a death yak
 13063 | D:9      | Noticed a two-headed ogre
 13394 | D:9      | Found a staircase to the Lair.
 14037 | D:10     | Entered Level 10 of the Dungeon
 14037 | D:10     | Found Rakibropt's Changing Room.
 14055 | D:10     | Noticed a two-headed ogre
 14070 | D:10     | Killed a two-headed ogre
 14312 | D:10     | Offered knowledge of Olgreb's Toxic Radiance by Vehumet.
 14337 | D:10     | Reached skill level 10 in Conjurations
 14349 | D:9      | HP: 4/86 [killer bee (5)]
 15199 | D:10     | Reached XP level 11. HP: 92/92 MP: 17/22
 15293 | D:10     | Found a staircase to the Orcish Mines.
 15352 | D:10     | Noticed a two-headed ogre
 15365 | D:10     | Killed a two-headed ogre
 16480 | D:11     | Noticed a two-headed ogre
 16721 | D:11     | Killed a two-headed ogre
 16861 | D:11     | Slain by an earth elemental

Vault maps used:
D:1:      dpeg_arrival_prison, ashenzari_altar_1
D:2:      minmay_close_crescents, uniq_sigmund
D:3:      first_bread
D:4:      minmay_temple_entry_overgrown, kennysheep_cross_room, elyvilon_altar_1
D:5:      uniq_menkaure, uniq_edmund, uniq_ijyb
D:6:      lemuel_coloured_pillars_altar, serial_bayou_lagoon_a,
          okawaru_gym_becter, uniq_grinder
D:7:      uniq_duvessa
D:9:      lemuel_slime, dpeg_lair_monsters, special_room,
          hangedman_little_slice_of_home
D:10:     orc_0_dummy, nicolae_transmutations_shop
D:11:     minmay_stone_box, led_sif_book, uniq_josephine
Temple:   kilobyte_greek_temple

Skill      XL: |  1  2  3  4  5  6  7  8  9 10 |
---------------+-------------------------------+-----
Conjurations   | 2 3 4 5 6 7 8 10 | 10.6
Spellcasting   | 3 4 5 7 |  7.7
Fire Magic     | 4 5 6 8 9 |  9.9
Fighting       | 3 5 7 |  7.8
Dodging        | |  1.7
Stealth        | |  1.7

Action                   |  1- 3 |  4- 6 |  7- 9 | 10-12 || total
-------------------------+-------+-------+-------+-------++-------
Melee: Unarmed           |     4 |       |       |       ||     4
       Dagger            |    14 |     7 |       |       ||    21
       Tailslap          |     2 |    12 |     5 |     8 ||    27
       War axe           |       |    53 |     6 |       ||    59
       Hand axe          |       |     3 |       |       ||     3
       Mace              |       |       |     9 |       ||     9
       Flail             |       |       |    25 |    65 ||    90
 Cast: Flame Tongue      |    45 |    68 |   131 |   105 ||   349
       Throw Flame       |    11 |    22 |    56 |    68 ||   157
       Sticky Flame      |       |     1 |    29 |    22 ||    52
       Conjure Flame     |       |     1 |     6 |     7 ||    14
       Fireball          |       |       |    10 |    12 ||    22
       Searing Ray       |       |       |     2 |       ||     2
 Abil: Breathe Noxious F |       |       |     4 |       ||     4
Evoke: Wand              |       |       |     1 |       ||     1
  Use: Scroll            |     4 |     2 |    10 |     2 ||    18
       Potion            |       |       |       |     4 ||     4
  Eat: Chunk             |     6 |    11 |    16 |    17 ||    50
       Royal jelly       |       |       |     6 |     2 ||     8
       Fruit             |       |       |     1 |       ||     1
Armor: Skin              |    17 |     9 |    57 |    56 ||   139
Dodge: Dodged            |    31 |    44 |    68 |   112 ||   255

Table legend:
 A = Spawn XP
 B = Non-spawn XP
 C = Spawn XP percentage of total XP
 D = Spawn monster count
 E = Non-spawn monster count
 F = Spawn count percentage of total count
 G = Total turns spent on level
                    A         B        C        D         E        F      G
               +---------+---------+-------+---------+---------+-------+---------
         Total |       0 |   14211 |   0.0 |       0 |     231 |   0.0 | 16861
               +---------+---------+-------+---------+---------+-------+---------
           D:1 |       0 |      26 |   0.0 |       0 |      17 |   0.0 |  1628
           D:2 |       0 |     269 |   0.0 |       0 |      13 |   0.0 |   934
           D:3 |       0 |      84 |   0.0 |       0 |      21 |   0.0 |  1285
           D:4 |       0 |     223 |   0.0 |       0 |      20 |   0.0 |  2112
           D:5 |       0 |    1048 |   0.0 |       0 |      15 |   0.0 |  1019
           D:6 |       0 |     599 |   0.0 |       0 |      15 |   0.0 |  1661
           D:7 |       0 |     883 |   0.0 |       0 |      14 |   0.0 |  1030
           D:8 |       0 |    1712 |   0.0 |       0 |      25 |   0.0 |  2199
           D:9 |       0 |    3240 |   0.0 |       0 |      50 |   0.0 |  2309
          D:10 |       0 |    4033 |   0.0 |       0 |      27 |   0.0 |  1887
          D:11 |       0 |    2094 |   0.0 |       0 |      14 |   0.0 |   632
               +---------+---------+-------+---------+---------+-------+---------
